 Dungeon Crawl Stone Soup version 0.19.4 (webtiles) character file.

1221 empire the Shield-Bearer (level 8, -7/71 HPs)
             Began as a Minotaur Fighter on Feb 3, 2017.
             Killed from afar by a crimson imp (12 damage)
             ... with a wand of acid
             ... on level 5 of the Dungeon.
             The game lasted 00:06:17 (3841 turns).

empire the Shield-Bearer (Minotaur Fighter)         Turns: 3841, Time: 00:06:18

Health: -7/71      AC:  7    Str: 22      XL:     8   Next: 23%
Magic:  7/7        EV: 10    Int: 10      God:
Gold:   42         SH: 11    Dex: 17 (18) Spells: 0 memorised, 7 levels left

rFire  + . .     SeeInvis .     a - +0 long sword
rCold  . . .     Gourm    .     Z - +0 plate armour
rNeg   . . .     Faith    .     X - +0 shield
rPois  .         Spirit   .     (helmet restricted)
rElec  .         Reflect  .     (no cloak)
rCorr  .         Harm     .     (no gloves)
MR     .....                    (no boots)
Stlth  ..........               (no amulet)
                                (no ring)
                                b - +1 ring of slaying

@: brilliant, agile, corroded
A: retaliatory headbutt, horns 2, talons 1, yellow scales 1, agile 1,
deterioration 1, fire resistance 1, evolution 1
a: no special abilities


You were on level 5 of the Dungeon.
You were hungry.

You visited 1 branch of the dungeon, and saw 5 of its levels.

You collected 132 gold pieces.
You spent 90 gold pieces at shops.

Inventory:

Hand Weapons
 a - a +0 long sword (weapon)
Armour
 X - a +0 shield (worn)
 Z - a +0 plate armour (worn)
Jewellery
 b - a +1 ring of slaying (left hand)
Scrolls
 d - 2 scrolls of teleportation {unknown}
 e - a scroll of immolation {unknown}
 i - 4 scrolls of identify {unknown}
 l - 2 scrolls of noise {unknown}
 m - a scroll of fog {unknown}
 o - a scroll of amnesia {unknown}
 r - a scroll of enchant armour {unknown}
 s - 2 scrolls of random uselessness {unknown}
Potions
 h - a potion of brilliance
 n - a potion of berserk rage {unknown}
 p - a potion of haste {unknown}
 q - a potion of degeneration {unknown}
Comestibles
 f - 4 bread rations
 j - 3 beef jerkies
 k - a slice of pizza


   Skills:
 + Level 6.7 Fighting
 + Level 6.4 Long Blades
 + Level 6.8 Armour
 + Level 7.1 Shields


You had 7 spell levels left.
You didn't know any spells.

Dungeon Overview and Level Annotations

Branches:
Dungeon (5/15)
 Temple: D:4-7

Altars:
Kikubaaqudgha

Shops:
D:4 =   D:5 !

Annotations:
D:5 Prince Ribbit


Innate Abilities, Weirdness & Mutations

You reflexively headbutt those who attack you in melee.
You have a pair of horns on your head.
You have sharp toenails.
You are partially covered in yellow scales. (AC +2)
You are agile. (Dex +2)
Your body sometimes deteriorates upon taking damage.
Your flesh is heat resistant. (rF+)
You evolve.


Message History

You hit the crimson imp but do no damage.
You claw the crimson imp, but do no damage.
The crimson imp is severely wounded.
The crimson imp blinks!
You closely miss the crimson imp. Your kick misses the crimson imp.
The crimson imp is heavily wounded.
You block the crimson imp's attack.
You hit the crimson imp but do no damage.
You claw the crimson imp, but do no damage.
The crimson imp is heavily wounded.
The crimson imp hits you but does no damage.
The crimson imp laughs crazily.
The crimson imp closely misses you. You furiously retaliate!
You headbutt the crimson imp, but do no damage.
Your shield and plate armour prevent you from hitting the crimson imp.
You claw the crimson imp.
You headbutt the crimson imp, but do no damage.
The crimson imp is heavily wounded.
The crimson imp zaps a wand.
The bolt of acid hits you!
You die...

##...## #.#..## .#
#...#####.#...# .#
#####.....#.#.# .#
#### #.#####.#.# .#
...# #.# #.#.## .#
...###.# #.#..##'###
...)...# #.##......#
...##### #.##..5...#
##.# #.##.@....#
#.#########.###.....#
#...........# #.....#
############# #.....#
##..### #..# #..# #.#


You could see a crimson imp.

Vanquished Creatures
  The ghost of mistymad the Ruffian, a novice VSMo (D:4)
  Sigmund (D:5)
  Eustachio (D:4)
  2 ogres
  2 scorpions (D:5)
  2 crimson imps (D:5)
  A jelly (D:5)
  An orc priest (D:3)
  2 orc wizards
  Ijyb (D:3)
  An iguana (D:5)
  2 worker ants (D:5)
  A hound skeleton (D:4)
  5 adders
  An ooze (D:1)
  2 worms
  A dart slug (D:5)
  4 leopard geckos
  14 orcs
  A ball python (D:4)
  3 giant cockroaches (D:1)
  6 goblins
  4 hobgoblins
  2 quokkas
  4 bats
  2 frilled lizards (D:3)
  6 kobolds
  6 rats
79 creatures vanquished.

Notes
Turn   | Place    | Note
-------+----------+-------------------------------------------
     0 | D:1      | empire the Minotaur Fighter began the quest for the Orb.
     0 | D:1      | Reached XP level 1. HP: 19/19 MP: 0/0
    56 | D:1      | Reached XP level 2. HP: 18/27 MP: 1/1
   308 | D:1      | Reached skill level 4 in Shields
  1191 | D:2      | Reached XP level 3. HP: 25/33 MP: 2/2
  1496 | D:3      | Noticed Ijyb
  1506 | D:3      | Killed Ijyb
  1506 | D:3      | Reached XP level 4. HP: 41/41 MP: 3/3
  1757 | D:3      | Noticed an ogre
  1761 | D:3      | Killed an ogre
  1761 | D:3      | Reached XP level 5. HP: 42/47 MP: 4/4
  1814 | D:3      | Reached skill level 5 in Shields
  1816 | D:3      | Reached skill level 5 in Fighting
  1816 | D:3      | Reached skill level 5 in Armour
  2255 | D:3      | Reached XP level 6. HP: 56/56 MP: 5/5
  2539 | D:4      | Noticed mistymad's ghost (novice VSMo)
  2550 | D:4      | Killed mistymad's ghost
  2550 | D:4      | Reached skill level 5 in Long Blades
  2553 | D:4      | Noticed Eustachio
  2563 | D:4      | Killed Eustachio
  2563 | D:4      | Reached XP level 7. HP: 32/62 MP: 6/6
  2764 | D:4      | Reached skill level 6 in Shields
  3112 | D:4      | Found Tusad's Jewellery Shoppe.
  3115 | D:4      | Bought a +1 ring of slaying for 60 gold pieces
  3144 | D:4      | Found an ancient bone altar of Kikubaaqudgha.
  3279 | D:5      | Entered Level 5 of the Dungeon
  3348 | D:5      | Found Cuhoz's Distillery.
  3356 | D:5      | Bought a potion of mutation for 30 gold pieces
  3363 | D:5      | Gained mutation: Your body sometimes deteriorates upon taking damage. [potion of mutation]
  3363 | D:5      | Gained mutation: You have sharp toenails. [potion of mutation]
  3363 | D:5      | Gained mutation: You evolve. [potion of mutation]
  3364 | D:5      | Gained mutation: You are agile. (Dex +2) [potion of mutation]
  3364 | D:5      | Gained mutation: You are partially covered in yellow scales. (AC +2) [potion of mutation]
  3364 | D:5      | Gained mutation: Your flesh is heat resistant. (rF+) [potion of mutation]
  3371 | D:5      | Reached XP level 8. HP: 59/71 MP: 7/7
  3626 | D:5      | Noticed Sigmund
  3627 | D:5      | Noticed Prince Ribbit
  3639 | D:5      | Killed Sigmund
  3639 | D:5      | Reached skill level 7 in Shields
  3836 | D:5      | HP: 3/71 [crimson imp (3)]
  3841 | D:5      | Killed from afar by a crimson imp

Skill      XL: |  1  2  3  4  5  6  7  8 |
---------------+-------------------------+-----
Shields        | 4 5 6 7 |  7.1
Armour         | 4 5 6 |  6.8
Fighting       | 4 5 6 |  6.7
Long Blades    | 3 4 5 6 |  6.4

Action                   |  1- 3 |  4- 6 |  7- 9 || total
-------------------------+-------+-------+-------++-------
Melee: Long sword        |    82 |    93 |   128 ||   303
       Headbutt          |    10 |    16 |    20 ||    46
       Kick              |       |       |    21 ||    21
  Use: Potion            |       |     1 |     5 ||     6
  Eat: Chunk             |     2 |     3 |     4 ||     9
Armor: Scale mail        |    34 |    30 |    13 ||    77
       Plate armour      |       |       |    39 ||    39
Dodge: Dodged            |    19 |    26 |    24 ||    69
Block: Shield            |    48 |    51 |    65 ||   164
       Rpst.: Long sword |     3 |     4 |     5 ||    12
